[Event "Early-Titled-Tuesday-Blitz-April-23-2024"]
[Site "Chess.com"]
[Date "2024.04.23"]
[Round "2"]
[White "LawrenceTrent"]
[Black "BashirliSaadat"]
[Result "0-1"]
[WhiteElo "2703"]
[BlackElo "2379"]
[TimeControl "180+1"]
[EndTime "8:17:38 PDT"]
[Termination "BashirliSaadat won by checkmate"]

1. Nc3 d5 2. d4 e6 3. e4 dxe4 4.
Nxe4 Nf6 5. Bd3 Be7 6. Nf3 h6 7. c3 Nxe4 8. Bxe4 c5 9. Be3 cxd4 10.
Bxd4 O-O 11. Qe2 Nc6 12. Be3 Qa5 13. O-O-O Qxa2 14. Bb1 Qb3 15. Nd4 Nxd4 16. Rxd4 e5 17. Rd2 Be6 18. Rhd1 Rac8 19. Rd3 e4 20. Rd4 Rxc3+ 21.
Kd2 Qxb2+ 22. Ke1 Qxe2+ 23. Kxe2 f5 24. R4d2 Bc4+ 25. Ke1 Bb4 26. g3 Ra3 27. Bd4 Rd8 28.
Be3 Bb3 29. Ke2 Bxd1+ 30. Rxd1 Rxd1 31. Kxd1 Kh7 32. g4 g6 33. h4 Rb3 34. Bc2 Ra3 35. h5 Ra1+ 36. Bc1 Ba3 37. hxg6+ Kxg6 38. gxf5+ Kxf5 39. Ke2 Rxc1 40. Ba4 Bb4 41. Bd7+ Ke5 42. f4+ exf3+ 43.
Kxf3 a5 44. Kg4 Rc4+ 45. Kh5 Rd4 46. Be8 Rd5 47. Kxh6 Kd4 48. Kg6 b5 49. Kf6 a4 50.
Ke6 a3 51. Bg6 a2 52. Kf7 a1=Q 53. Kg8 Qa8+ 54. Kh7 Qb7+ 55. Kh6 Bf8# 0-1

[Event "Early-Titled-Tuesday-Blitz-April-23-2024"]
[Site "Chess.com"]
[Date "2024.04.23"]
[Round "2"]
[White "FischerKasparow"]
[Black "JacksterThePro"]
[Result "0-1"]
[WhiteElo "2113"]
[BlackElo "2475"]
[TimeControl "180+1"]
[EndTime "8:17:38 PDT"]
[Termination "JacksterThePro won on time"]

1. e3 d5 2. Nf3 Nf6 3. c4 e6 4.
Nc3 c6 5. b3 Bd6 6. Bb2 O-O 7. d3 e5 8. e4 d4 9. Ne2 a5 10. Ng3 Bg4 11. h3 Bb4+ 12. Ke2 Bxf3+ 13. gxf3 g6 14. Bg2 Nbd7 15. h4 h5 16. Rg1 Re8 17. Bh3 Nf8 18. a3 Bd6 19. Bc1 Ne6 20. Bd2 Kh7 21. Kf1 Ng8 22. Bxe6 Rxe6 23. Ke2 Qxh4 24. b4 axb4 25. axb4 Rxa1 26. Qxa1 Qd8 27. Rh1 Kg7 28. Qa7 h4 29. Qxb7 hxg3 30. fxg3 Re7 31. Qxc6 Qc7 0-1

[Event "Early-Titled-Tuesday-Blitz-April-23-2024"]
[Site "Chess.com"]
[Date "2024.04.23"]
[Round "2"]
[White "SameerMujumdar"]
[Black "jakopogi"]
[Result "0-1"]
[WhiteElo "2519"]
[BlackElo "2792"]
[TimeControl "180+1"]
[EndTime "8:17:39 PDT"]
[Termination "jakopogi won on time"]

1. d4 Nf6 2. c4 e6 3. Nc3 Bb4 4. e3 c5 5. Nf3 d5 6. Bd3 dxc4 7.
Bxc4 Nc6 8. O-O cxd4 9. exd4 O-O 10. Bg5 Be7 11. Re1 h6 12. Bh4 Nb4 13. Qb3 Nc6 14.
Qd1 b6 15. Qd2 Bb7 16. Rad1 Nb4 17. Ne5 Nbd5 18. Bxf6 Bxf6 19. Bb3 Rc8 20. Ne4 Be7 21. Bc2 Bb4 22. Qd3 Rxc2 23. Qxc2 Bxe1 24. Rxe1 Nf4 25.
Qd2 Nxg2 26. Kxg2 f5 27. f3 fxe4 28. fxe4 Qh4 29. Qe3 Bxe4+ 30. Kg1 Bd5 31. a3 Rf4 32. Rf1 Qg5+ 33. Qg3 Rxf1+ 34. Kxf1 Qc1+ 35. Qe1 Qxb2 0-1

[Event "Early-Titled-Tuesday-Blitz-April-23-2024"]
[Site "Chess.com"]
[Date "2024.04.23"]
[Round "2"]
[White "UmarovSabir"]
[Black "bazar-wokzal"]
[Result "0-1"]
[WhiteElo "2288"]
[BlackElo "2610"]
[TimeControl "180+1"]
[EndTime "8:17:39 PDT"]
[Termination "bazar-wokzal won on time"]

1. e4 Nc6 2. Nc3 Nf6 3. d4 d5 4. e5 Nd7 5. Nf3 Nb6 6. Bg5 Bg4 7.
Be2 Qd7 8. h3 Bxf3 9. Bxf3 e6 10. a3 h6 11. Bh4 g5 12. Bg3 O-O-O 13. Bh5 Bg7 14. O-O f6 15. exf6 Bxf6 16. Ne2 Kb8 17.
c3 e5 18. dxe5 Bxe5 19. Bxe5 Nxe5 20. Nd4 c5 21. Nf3 Nbc4 22. Nxe5 Nxe5 23. Re1 Qc7 24. Qe2 Nc4 25. Rad1 Rd6 26. Bf3 Rhd8 27. Bxd5 Nxb2 28. Qxb2 Rxd5 29. Rxd5 Rxd5 30. Re8+ Rd8 31. Qe2 a6 32.
Rxd8+ Qxd8 33. Qe5+ Qc7 34. Qh8+ Ka7 35. Qxh6 Qe5 36.
c4 b5 37. cxb5 axb5 38. g3 c4 39. Qh7+ Kb6 40. Qc2 c3 41. Kf1 Kc5 42. h4 gxh4 43.
gxh4 Kc4 44. Qe2+ Qxe2+ 45. Kxe2 Kb3 0-1

[Event "Early-Titled-Tuesday-Blitz-April-23-2024"]
[Site "Chess.com"]
[Date "2024.04.23"]
[Round "2"]
[White "IamSchrodingersCat"]
[Black "FGHSMN"]
[Result "0-1"]
[WhiteElo "2620"]
[BlackElo "2928"]
[TimeControl "180+1"]
[EndTime "8:17:40 PDT"]
[Termination "FGHSMN won by resignation"]

1. e4 e5 2. Nf3 Nc6 3. Bb5 a6 4. Ba4 Nf6 5. d3 d6 6. c3 Bd7 7. O-O g6 8. d4 Bg7 9. d5 Ne7 10.
Bxd7+ Nxd7 11. Ne1 O-O 12. c4 f5 13. Nc3 h6 14. Nd3 Nf6 15. Qe2 b6 16. Bd2 a5 17.
b3 g5 18. a3 f4 19. f3 h5 20.
h3 Ng6 21. b4 Qd7 22. Nf2 Bh6 23. c5 Nh4 24. cxd6 cxd6 25. Qb5 Qg7 26. Qd3 g4 27. fxg4 hxg4 28. hxg4 Nxg4 29. Nxg4 Qxg4 30. Qh3 Qxh3 31.
gxh3 Kh7 32. Kf2 Rg8 33. Rg1 Rg3 34. Rxg3 fxg3+ 35. Ke2 Bxd2 36. Kxd2 Rf8 37. Ne2 g2 38. Ke3 Rf3+ 39. Kd2 Rf1 40. Re1 Nf3+ 0-1

[Event "Early-Titled-Tuesday-Blitz-April-23-2024"]
[Site "Chess.com"]
[Date "2024.04.23"]
[Round "2"]
[White "sterpfi"]
[Black "ATM622"]
[Result "0-1"]
[WhiteElo "2206"]
[BlackElo "2493"]
[TimeControl "180+1"]
[EndTime "8:17:40 PDT"]
[Termination "ATM622 won by resignation"]

1. e4 c6 2. Nc3 d5 3. Nf3 g6 4. h3 Bg7 5. d4 dxe4 6. Nxe4 Bf5 7. Ng3 Be6 8. c3 Nf6 9. Bd3 O-O 10. Be3 Nd5 11. Bd2 Qc7 12. Qc1 Re8 13. c4 Nf6 14. Bc3 Nbd7 15. O-O Nf8 16. Re1 Rad8 17. Ne5 Bc8 18.
Ne4 Ne6 19. Ng5 Nxg5 20. Qxg5 h6 21. Qg3 g5 22. h4 g4 23. h5 Nxh5 24. Qh4 Nf6 25. Be2 h5 26. f3 c5 27. fxg4 cxd4 28. Nxf7 Kxf7 29. g5 dxc3 30. gxf6 Qc5+ 31. Kh1 Bxf6 32.
Bxh5+ Kg7 33. Qh2 Rh8 34. Rec1 Rxh5 35. Rxc3 Rxh2+ 36. Kxh2 Bxc3 0-1

[Event "Early-Titled-Tuesday-Blitz-April-23-2024"]
[Site "Chess.com"]
[Date "2024.04.23"]
[Round "2"]
[White "wonderfultime"]
[Black "Let_it_be_1"]
[Result "1-0"]
[WhiteElo "3058"]
[BlackElo "2651"]
[TimeControl "180+1"]
[EndTime "8:17:41 PDT"]
[Termination "wonderfultime won by resignation"]

1. d4 d5 2. Nf3 e6 3. Bf4 Bd6 4. e3 Bxf4 5. exf4 Ne7 6. Nbd2 b6 7. c3 O-O 8. Bd3 h6 9. Qe2 a5 10. O-O Ba6 11. Bxa6 Nxa6 12. Rfe1 c5 13. Rad1 cxd4 14. Nxd4 Nc5 15. N2f3 Qc7 16. g3 Ne4 17. Ne5 Rac8 18. c4 Nd6 19. cxd5 Nxd5 20. Qf3 Ne7 21. Kg2 Rfd8 22.
a4 Qc5 23. Qb3 Nef5 24. Ndf3 Qc2 25. Qxc2 Rxc2 26. b3 Nb7 27. Rxd8+ Nxd8 28. g4 Nd6 29. Rd1 N8b7 30. Nd4 Rb2 31. f5 Nc5 32. fxe6 fxe6 33. Nxe6 Nde4 34. Rd8+ Kh7 35. Nf8+ Kg8 36. Nfg6+ 1-0

[Event "Early-Titled-Tuesday-Blitz-April-23-2024"]
[Site "Chess.com"]
[Date "2024.04.23"]
[Round "2"]
[White "Djager97"]
[Black "PoXerStar"]
[Result "0-1"]
[WhiteElo "2546"]
[BlackElo "2366"]
[TimeControl "180+1"]
[EndTime "8:17:41 PDT"]
[Termination "PoXerStar won by resignation"]

1. e4 c6 2. d4 d5 3. exd5 cxd5 4.
Bd3 Nc6 5. c3 Nf6 6. h3 e5 7.
dxe5 Nxe5 8. Nf3 Nxd3+ 9. Qxd3 Bd6 10. O-O O-O 11. Bg5 h6 12. Bh4 g5 13. Bg3 Bxg3 14. fxg3 Ne4 15. Nd4 Qd6 16. Kh2 f5 17. Nd2 Bd7 18.
Rad1 Rae8 19. c4 f4 20. cxd5 fxg3+ 21. Kg1 Nf2 22. Nc4 Qa6 23. Qc2 Nxd1 24. Rxd1 b5 25. Nc6 Bf5 26. Qc3 bxc4 27. Qxg3 Qb6+ 28. Kh1 Qxb2 29.
Qd6 Be4 30. Rg1 Rf1 0-1

[Event "Early-Titled-Tuesday-Blitz-April-23-2024"]
[Site "Chess.com"]
[Date "2024.04.23"]
[Round "2"]
[White "viktorgen2021"]
[Black "Nimrod_Veinberg"]
[Result "0-1"]
[WhiteElo "2448"]
[BlackElo "2748"]
[TimeControl "180+1"]
[EndTime "8:17:42 PDT"]
[Termination "Nimrod_Veinberg won by checkmate"]

1. d4 d5 2. c4 dxc4 3. Nf3 Nf6 4. e3 a6 5. a4 e6 6. Bxc4 b6 7. O-O Bb7 8. Qe2 Bb4 9. Rd1 O-O 10. Bd2 Bd6 11.
Nc3 Nbd7 12. e4 e5 13. dxe5 Nxe5 14. Nxe5 Bxe5 15. Bg5 Qe8 16. Bxf6 Bxf6 17. Nd5 Bxd5 18. Rxd5 c6 19. Rf5 b5 20. Ba2 Bd4 21. Rd1 Rd8 22. Rd3 g6 23. Rg5 c5 24. Rdg3 Kh8 25. e5 f6 26. R5g4 f5 27. Rh4 Qxe5 28. Qf1 c4 29.
Rxg6 Bc5 30. Rgh6 Rd7 31. Qc1 Rfd8 32. h3 Rd1+ 33. Qxd1 Rxd1# 0-1

[Event "Early-Titled-Tuesday-Blitz-April-23-2024"]
[Site "Chess.com"]
[Date "2024.04.23"]
[Round "2"]
[White "ahmedkandiliii"]
[Black "RasSanti"]
[Result "1-0"]
[WhiteElo "2529"]
[BlackElo "2268"]
[TimeControl "180+1"]
[EndTime "8:17:43 PDT"]
[Termination "ahmedkandiliii won by resignation"]

1. Nf3 c6 2. g3 d5 3. Bg2 Nf6 4. O-O Bf5 5. d3 h6 6. Nbd2 e6 7. Re1 Bc5 8. e4 dxe4 9. Nh4 e3 10. fxe3 Bg4 11. Nhf3 O-O 12. Nb3 Bb6 13. h3 Bh5 14. Kh2 Nbd7 15. e4 e5 16. a4 a6 17. a5 Ba7 18. Nbd2 Qe7 19. Nc4 Rfe8 20. Be3 Bxe3 21.
Nxe3 Qb4 22. Qd2 Qf8 23. Nf5 Rad8 24. Rf1 Re6 25. g4 Bg6 26. g5 hxg5 27. Qxg5 Nh7 28. Qg3 Ndf6 29. N3h4 Nh5 30. Qg4 Nf4 31. Rf2 Nf6 32.
Qg3 N6h5 33. Qg4 Nf6 34. Qg5 Nh7 35. Qg3 Nf6 36. Bf3 N6h5 37. Bxh5 Nxh5 38. Qg4 Nf4 39. Rg1 Rf6 40. Qg5 Qc5 41. d4 Rxd4 42. Nxd4 Qxd4 43. Qg3 Qxe4 44. Nf3 Ne2 45. Qg4 Nxg1 46. Qc8+ Kh7 47. Ng5+ Kh6 48. Nxe4 Bxe4 49. Rxf6+ gxf6 50. Kxg1 1-0

[Event "Early-Titled-Tuesday-Blitz-April-23-2024"]
[Site "Chess.com"]
[Date "2024.04.23"]
[Round "2"]
[White "Chess_RSM"]
[Black "RobertoJBM"]
[Result "0-1"]
[WhiteElo "2589"]
[BlackElo "2854"]
[TimeControl "180+1"]
[EndTime "8:17:45 PDT"]
[Termination "RobertoJBM won on time"]

1. d4 d5 2. c4 c6 3. Nf3 Nf6 4. Qc2 dxc4 5. Qxc4 Bf5 6. g3 e6 7. Nc3 Nbd7 8. Bg2 h6 9. O-O Be7 10. Re1 Ne4 11. Qb3 Qb6 12. Nh4 Qxb3 13. axb3 Bxh4 14. Nxe4 Be7 15. Bf4 Bxe4 16. Bxe4 a6 17. Bf3 Nf6 18. e4 O-O 19. Red1 Rfd8 20. Kf1 Rd7 21. Ke2 Rad8 22.
Be5 Ne8 23. Ra4 Bf6 24. Bxf6 Nxf6 25. Ke3 Kf8 26. h3 Ke7 27. Rd3 Ne8 28. Rc3 Nd6 29. Be2 Nb5 30. Bxb5 cxb5 31. Rb4 Kd6 32. Rc5 Rc7 33. Rh5 Rc2 34. d5 e5 35. f4 Kc5 36.
Rxb5+ axb5 37. Rxe5 Rd7 38. Re8 Rxb2 39. Rc8+ Kb4 40.
g4 Rxb3+ 41. Kd4 Rb1 42. g5 hxg5 43. fxg5 Rh1 44. Rh8 g6 45. Rh7 Re1 46. Rh4 Ka5 47. Rg4 b4 48. Rg3 Ka4 49. Kc4 b3 0-1

[Event "Early-Titled-Tuesday-Blitz-April-23-2024"]
[Site "Chess.com"]
[Date "2024.04.23"]
[Round "2"]
[White "carokannlover213"]
[Black "guillembaches"]
[Result "0-1"]
[WhiteElo "2803"]
[BlackElo "2576"]
[TimeControl "180+1"]
[EndTime "8:17:45 PDT"]
[Termination "guillembaches won on time"]

1. d4 d5 2. Nf3 e6 3. Bf4 Bd6 4. e3 Nf6 5. Bd3 c5 6. c3 Bxf4 7. exf4 b6 8. O-O O-O 9. Ne5 Ba6 10. Bxa6 Nxa6 11. Re1 Qc7 12. Nd2 b5 13. Qf3 b4 14.
dxc5 Qxc5 15. Nb3 Qb6 16. Rac1 Rfc8 17. f5 bxc3 18. bxc3 exf5 19. Qxf5 Nc5 20. Nd4 Nce4 21. Nd7 Nxd7 22. Qxd7 Qf6 23. Nc6 Qxc6 24. Qh3 Qc5 25.
Rc2 h6 26. Qd3 Re8 27. Rce2 Nf6 28. h3 Rxe2 29. Rxe2 Ne4 30. Re3 Rc8 31. Rf3 Nxc3 32. Qf5 Qc7 33. Rg3 Ne2+ 34. Kh2 Nxg3 35. fxg3 Rd8 36. a4 d4 37. Qd3 Qc3 38. Qa6 d3 39.
Qxa7 d2 40. Qb6 d1=Q 41. Qxd8+ Qxd8 42. a5 Qcxa5 43. h4 h5 44. Kh3 Qd7+ 45. Kh2 Qac7 46. Kh1 Qxg3 0-1

[Event "Early-Titled-Tuesday-Blitz-April-23-2024"]
[Site "Chess.com"]
[Date "2024.04.23"]
[Round "2"]
[White "GalaxyRoman"]
[Black "MaxLeto"]
[Result "1-0"]
[WhiteElo "2791"]
[BlackElo "2428"]
[TimeControl "180+1"]
[EndTime "8:17:47 PDT"]
[Termination "GalaxyRoman won on time"]

1. e4 a6 2. d4 b6 3. Nc3 c6 4.
f4 d6 5. Nf3 e6 6. a4 f6 7. d5 exd5 8. exd5 c5 9. Bd3 Ne7 10. O-O g6 11. Re1 Bg7 12. Qe2 Ra7 13. a5 b5 14. b4 c4 15. Bxc4 bxc4 16. Be3 Rb7 17. Bb6 Qd7 18. Qxc4 O-O 19. Re6 Nf5 20. Rae1 Qf7 21. g4 Ne7 22. Ne4 Bxe6 23. dxe6 Qe8 24. Nxd6 Qc6 25. Qxc6 Nbxc6 26. Nxb7 f5 27. gxf5 Nxb4 28.
Bc5 Nbc6 29. fxg6 Rxf4 30. gxh7+ Kxh7 31. Kg2 Rg4+ 32. Kf2 Rc4 33. Re2 Nf5 34. e7 Ncxe7 35. Bxe7 1-0

[Event "Early-Titled-Tuesday-Blitz-April-23-2024"]
[Site "Chess.com"]
[Date "2024.04.23"]
[Round "2"]
[White "xberli"]
[Black "FaustinoOro"]
[Result "0-1"]
[WhiteElo "2618"]
[BlackElo "2923"]
[TimeControl "180+1"]
[EndTime "8:17:48 PDT"]
[Termination "FaustinoOro won by resignation"]

1. e4 e5 2. Nf3 Nc6 3. Bc4 Bc5 4. c3 Nf6 5. d4 exd4 6. b4 Bb6 7.
e5 d5 8. exf6 dxc4 9. Qe2+ Be6 10. fxg7 Rg8 11. O-O d3 12. Qe4 Rxg7 13. Re1 Qd7 14.
b5 Ne7 15. Ne5 Qd5 16. Bh6 Rg8 17. Nd2 O-O-O 18. a4 Nf5 19. Bf4 Qxe4 20. Nxe4 a5 21. Nd2 Bd5 22. g3 Nd6 23. Nef3 Rde8 24. Be5 f6 25.
Bd4 Bxf3 26. Nxf3 Bxd4 27. Nxd4 Ne4 28. Rec1 Rd8 29. Ne6 Rd6 30. Nd4 Rgd8 31. Nf5 d2 32. Nxd6+ Rxd6 33. Rd1 Nxc3 34. Kf1 Nxd1 35. Rxd1 c3 0-1

[Event "Early-Titled-Tuesday-Blitz-April-23-2024"]
[Site "Chess.com"]
[Date "2024.04.23"]
[Round "2"]
[White "PolandHussars"]
[Black "Kirill_Klukin"]
[Result "1/2-1/2"]
[WhiteElo "2582"]
[BlackElo "2837"]
[TimeControl "180+1"]
[EndTime "8:17:48 PDT"]
[Termination "Game drawn by repetition"]

1. e4 c5 2. Ne2 Nc6 3. g3 g6 4. Bg2 Bg7 5. c3 e6 6. d4 cxd4 7. cxd4 d5 8. e5 Nge7 9. Nbc3 O-O 10.
Bg5 Qb6 11. Qd2 f6 12. exf6 Bxf6 13. Bxf6 Rxf6 14. O-O Bd7 15. Rad1 Raf8 16. Bh3 Nf5 17. Bxf5 Rxf5 18. Na4 Qd8 19. Nc5 Bc8 20. f4 Qd6 21. Qe3 b6 22. Nd3 Ba6 23. Rc1 R5f7 24. h4 Rc8 25.
Rc3 Rfc7 26. Rfc1 Bxd3 27. Qxd3 Ne7 28. Rxc7 Rxc7 29. Rxc7 Qxc7 30. Qc3 Qd7 31. Kg2 Nf5 32. b3 h5 33. Ng1 Nd6 34. Nf3 Qb5 35. Qe3 Ne4 36.
Ng5 Qc6 37. Nxe4 dxe4 38. Kh3 Qc2 39. a4 Qd3 40. Qc1 e3 41. Qc8+ Kg7 42. Qxe6 Qxd4 43. Qe7+ Kg8 44. Qe8+ Kh7 45. Qe7+ Kh6 46. Qg5+ Kh7 47.
Qe7+ Kg8 48. Qe8+ Kg7 49. Qe7+ Kg8 1/2-1/2

[Event "Early-Titled-Tuesday-Blitz-April-23-2024"]
[Site "Chess.com"]
[Date "2024.04.23"]
[Round "2"]
[White "kids2010"]
[Black "HZMC92"]
[Result "1-0"]
[WhiteElo "2779"]
[BlackElo "2487"]
[TimeControl "180+1"]
[EndTime "8:17:50 PDT"]
[Termination "kids2010 won by resignation"]

1. e4 c5 2. Nc3 Nc6 3. Bb5 e6 4.
Bxc6 bxc6 5. f4 d6 6. Nf3 Ne7 7.
O-O Qc7 8. d3 Ng6 9. Qe1 Be7 10.
h4 h5 11. Qg3 Bf6 12. Bd2 e5 13. f5 Ne7 14. Bg5 Rg8 15. b3 Bb7 16. Ne2 O-O-O 17.
Qf2 Kb8 18. Ng3 Rh8 19. c4 Ng8 20. a3 Nh6 21. b4 Ng4 22. Qe2 cxb4 23. axb4 d5 24.
c5 dxe4 25. Nxe4 Qe7 26. Be3 Bxh4 27. b5 Nxe3 28. Qxe3 Bf6 29. Rfb1 Ka8 30. Nd6 Rd7 31. d4 exd4 32. Qa3 Qe3+ 33. Kf1 Qxa3 34. Rxa3 cxb5 35. Nxb5 Bc6 36. Nd6 Rb8 37. Rba1 Rb4 38. Kf2 Rb2+ 39. Kg1 Rb4 40. Rd1 d3 41. Raxd3 Bxf3 42.
gxf3 g5 43. c6 Rc7 44. Rc1 Rb6 45. Ne4 Be5 46. Rd8+ Rb8 47. Rd7 Rbc8 48. Rc5 Rxd7 49. cxd7 Rxc5 50. d8=Q+ 1-0

[Event "Early-Titled-Tuesday-Blitz-April-23-2024"]
[Site "Chess.com"]
[Date "2024.04.23"]
[Round "2"]
[White "ChessSG1"]
[Black "Fy_Rakotomaharo"]
[Result "0-1"]
[WhiteElo "2396"]
[BlackElo "2709"]
[TimeControl "180+1"]
[EndTime "8:17:50 PDT"]
[Termination "Fy_Rakotomaharo won on time"]

1. c4 g6 2. g3 Bg7 3. Bg2 d6 4. Nc3 e5 5. Rb1 f5 6. d3 Nf6 7. b4 O-O 8. e3 c6 9. Nge2 Be6 10. f4 Nbd7 11. O-O h6 12. Bb2 g5 13. Qd2 Qe8 14. b5 Nc5 15. Ba3 exf4 16. gxf4 Rc8 17. bxc6 bxc6 18. Bxc5 dxc5 19. Na4 Qe7 20. Qa5 Ng4 21.
Qxc5 Qxc5 22. Nxc5 Bf7 23. Rf3 Rfe8 24. e4 Bf8 25. Nb3 fxe4 26. dxe4 Bxc4 27. Nc3 Bxb3 28.
Rxb3 Bc5+ 29. Kh1 Nf2+ 30. Rxf2 Bxf2 31. f5 Bd4 32. Ne2 Be5 33. Nc1 Red8 34. Nd3 c5 35. Nxe5 Rd1+ 36. Bf1 Rxf1+ 37. Kg2 Rf4 38. Rb7 Rxe4 39.
Ng6 Rc6 40. Ne7+ Rxe7 41. Rxe7 c4 42. f6 c3 43. Re1 c2 44. Rc1 Kf7 45. Kf3 Kxf6 46.
Ke4 g4 47. Kd5 Rc8 0-1

[Event "Early-Titled-Tuesday-Blitz-April-23-2024"]
[Site "Chess.com"]
[Date "2024.04.23"]
[Round "2"]
[White "slorovel"]
[Black "Doublekk14"]
[Result "0-1"]
[WhiteElo "2562"]
[BlackElo "2369"]
[TimeControl "180+1"]
[EndTime "8:17:50 PDT"]
[Termination "Doublekk14 won by resignation"]

1. e4 c5 2. Nf3 e6 3. b3 d6 4. Bb2 e5 5. g3 Nc6 6. Bg2 Nf6 7. d3 h6 8. h3 Be6 9. O-O Qd7 10. Kh2 Be7 11.
Nbd2 Nd4 12. Nxd4 cxd4 13. f4 Qc7 14. c3 dxc3 15. Rc1 O-O 16. Bxc3 Rac8 17. Qe2 Qb8 18.
Nc4 exf4 19. gxf4 d5 20. Be5 Qa8 21. Nd6 Rxc1 22. Rxc1 dxe4 23. dxe4 Rd8 24. Nf5 Bxf5 25. exf5 Rc8 26. Rg1 Kh7 27. Ba1 Re8 28. Qf3 Qb8 29.
Be5 Bd6 30. Bxf6 gxf6 31. Qh5 Bxf4+ 32. Kh1 Qc7 33. Bd5 Rg8 34. Rf1 Rg5 35. Qf3 Be5 36.
Be4 Qd6 37. Rd1 Qc5 38. h4 Rg3 39. Qh5 Rh3+ 40. Kg2 Rh2+ 0-1

[Event "Early-Titled-Tuesday-Blitz-April-23-2024"]
[Site "Chess.com"]
[Date "2024.04.23"]
[Round "2"]
[White "Tejas_Rama"]
[Black "klercaku"]
[Result "1-0"]
[WhiteElo "2524"]
[BlackElo "2264"]
[TimeControl "180+1"]
[EndTime "8:17:51 PDT"]
[Termination "Tejas_Rama won by resignation"]

1. d4 d5 2. c4 e6 3. Nf3 Nf6 4.
Nc3 Be7 5. Bf4 O-O 6. e3 Nbd7 7. c5 c6 8. b4 a6 9. h4 Nh5 10. Bh2 g6 11. Be2 Ng7 12. h5 Nxh5 13. g4 Ng7 14. Bf4 f5 15. g5 Nh5 16. Rb1 Nxf4 17. exf4 b5 18. Qd2 a5 19. a3 axb4 20. axb4 Bb7 21.
Bd3 Ra3 22. Kf1 Qa8 23. Qb2 Qa7 24. Re1 Bc8 25. Rxe6 Nxc5 26. Rxe7 Qxe7 27. dxc5 Ra7 28. Ne2 Qg7 29. Ned4 Re8 30. Ne5 Rc7 31. Qe2 Rce7 32.
Ndxc6 Re6 33. Bxb5 Bb7 34. Nd4 Rd8 35. c6 Bxc6 36.
Bxc6 Rc8 37. b5 Re7 38. Kg2 Rb8 39. Rb1 Rc7 40. b6 Re7 41. Bxd5+ Kh8 42. Ndc6 Reb7 43. Nxb8 Rxb8 44. b7 Qe7 45. Nxg6+ hxg6 46. Qxe7 1-0

[Event "Early-Titled-Tuesday-Blitz-April-23-2024"]
[Site "Chess.com"]
[Date "2024.04.23"]
[Round "2"]
[White "SahibSinghKnight"]
[Black "KorolDimitriy75"]
[Result "1-0"]
[WhiteElo "2633"]
[BlackElo "2328"]
[TimeControl "180+1"]
[EndTime "8:17:52 PDT"]
[Termination "SahibSinghKnight won on time"]

1. e4 c5 2. Nf3 d6 3. d4 cxd4 4. Nxd4 Nf6 5. Nc3 g6 6. Be3 Bg7 7. f3 O-O 8. Qd2 Nc6 9. O-O-O d5 10. Qe1 e5 11. Nxc6 bxc6 12. exd5 cxd5 13. Bg5 Be6 14.
Qxe5 h6 15. Bf4 Nh5 16. Qc7 Nxf4 17. Qxf4 Qa5 18. a4 Rab8 19. Rd3 Rfc8 20. Qd6 Rxb2 21. Kxb2 Rxc3 22. Kc1 Qxa4 23. Qb8+ Kh7 24. Rxc3 Qa1+ 25. Qb1 Qxc3 26. Bd3 h5 27. Qb3 Qa1+ 28. Kd2 Qd4 29. Re1 Bh6+ 30. Ke2 Qe5+ 31. Kf1 Qxh2 32. Qb7 1-0

[Event "Early-Titled-Tuesday-Blitz-April-23-2024"]
[Site "Chess.com"]
[Date "2024.04.23"]
[Round "2"]
[White "campochess"]
[Black "Sandstad"]
[Result "0-1"]
[WhiteElo "2154"]
[BlackElo "2484"]
[TimeControl "180+1"]
[EndTime "8:17:52 PDT"]
[Termination "Sandstad won by resignation"]

1. d4 Nf6 2. Bg5 Ne4 3. h4 c5 4. d5 Qb6 5. Nc3 Nxg5 6. hxg5 Qxb2 7. Rh3 d6 8. Re3 Qb6 9. Nf3 g6 10. Rb1 Qa5 11. Qd2 Bg7 12. Nb5 Qxd2+ 13. Nxd2 Kd8 14. Reb3 Nd7 15. Nc3 h6 16. gxh6 Rxh6 17. e4 Rh1 18. Ne2 Nb6 19. Ng3 Rh8 20. Nc4 Nxc4 21. Bxc4 Be5 22. Nf1 Kc7 23. f4 Bd4 24. Rf3 a6 25. f5 gxf5 26. exf5 b5 27. Be2 Rh4 28. c3 Be5 29. g3 Rh1 30. Kf2 Bd7 31. Rd1 Rah8 32.
Ne3 Rxd1 33. Bxd1 Rh2+ 34. Ng2 Rh1 35. Be2 b4 36. cxb4 cxb4 37. Bxa6 Kb6 38. Bf1 Bb5 39. Bxb5 Kxb5 40. Nf4 Ra1 41. Nd3 Rxa2+ 42. Kf1 Bd4 43. g4 Kc4 44. g5 Ra3 45. Ne1 Rxf3+ 46. Nxf3 Kxd5 47. g6 fxg6 48. fxg6 Bg7 0-1

[Event "Early-Titled-Tuesday-Blitz-April-23-2024"]
[Site "Chess.com"]
[Date "2024.04.23"]
[Round "2"]
[White "lioni26"]
[Black "MyDream003"]
[Result "0-1"]
[WhiteElo "2559"]
[BlackElo "2814"]
[TimeControl "180+1"]
[EndTime "8:17:53 PDT"]
[Termination "MyDream003 won on time"]

1. e4 c5 2. Nc3 d6 3. f4 g6 4. Nf3 Bg7 5. Bb5+ Bd7 6. Bc4 Nc6 7. d3 Na5 8. Bd2 e6 9. Qe2 Ne7 10. a4 a6 11. f5 gxf5 12. Ba2 Qb6 13. exf5 Nxf5 14.
Nd5 Qxb2 15. O-O Qxc2 16. Nc7+ Kf8 17. Nxa8 Nc6 18. Nb6 Be8 19. Nc4 d5 20. Rfc1 Qxa4 21. Nb6 Qb5 22. Rab1 Ncd4 23. Nxd4 Nxd4 24. Qf2 Qxd3 25.
Rf1 Ne2+ 26. Kh1 Qxd2 27. Bxd5 Bd4 28. Qf3 exd5 29. Rbd1 Qc2 30. Nxd5 Nc3 0-1

[Event "Early-Titled-Tuesday-Blitz-April-23-2024"]
[Site "Chess.com"]
[Date "2024.04.23"]
[Round "2"]
[White "CarlosjPineror"]
[Black "pasteta13"]
[Result "1-0"]
[WhiteElo "2767"]
[BlackElo "2416"]
[TimeControl "180+1"]
[EndTime "8:17:54 PDT"]
[Termination "CarlosjPineror won on time"]

1. e4 c5 2. Ne2 g6 3. g3 Bg7 4. Bg2 d6 5. O-O Nf6 6. c3 Nc6 7. d4 cxd4 8. cxd4 O-O 9. Nbc3 Rb8 10. d5 Na5 11. Qd3 b5 12. h3 b4 13. Na4 Bd7 14.
b3 Nxe4 15. Bb2 Nc5 16. Nxc5 Bxb2 17. Nxd7 Qxd7 18. Rad1 Rfc8 19. Qe4 Bf6 20. Nd4 Bxd4 21. Rxd4 Qb7 22. Re1 Rc7 23. h4 Qb5 24. h5 Qc5 25. Qf4 Qc2 26. Rde4 Re8 27. hxg6 hxg6 28. Qh6 Qc3 29. Bf1 Nb7 30. Bb5 Rf8 31. Rxe7 Rxe7 32. Rxe7 Nc5 33. Be8 Qf6 34. Qe3 Qa1+ 35. Kg2 a5 36.
Qf4 Qc3 37. Qxd6 1-0

[Event "Early-Titled-Tuesday-Blitz-April-23-2024"]
[Site "Chess.com"]
[Date "2024.04.23"]
[Round "2"]
[White "Grossboss19"]
[Black "snowlord"]
[Result "1-0"]
[WhiteElo "2632"]
[BlackElo "2905"]
[TimeControl "180+1"]
[EndTime "8:17:55 PDT"]
[Termination "Grossboss19 won by resignation"]

1. c4 e5 2. Nf3 e4 3. Nd4 Nc6 4.
Nxc6 dxc6 5. Nc3 Nf6 6. d3 exd3 7. e4 Bc5 8. Qxd3 Qe7 9. Be3 O-O 10. f3 Be6 11. Bxc5 Qxc5 12. O-O-O a5 13. Qd4 Qb4 14. g4 c5 15. Qd3 c6 16. g5 Nh5 17. Qe3 Bxc4 18. f4 Rfd8 19. Bh3 g6 20. Bg4 Ng7 21. h4 Be6 22. Be2 Rd4 23. a3 Qb6 24. h5 Rad8 25. hxg6 fxg6 26. Qf2 Bb3 27. Qh4 Rxd1+ 28. Bxd1 Bxd1 29.
Qxh7+ Kf7 30. f5 Bh5 31. fxg6+ Bxg6 32. Rf1+ Ke6 33. Qxg6+ Kd7 34. Qxg7+ Kc8 35. Rf8 Qb3 36. Rxd8+ Kxd8 37. Qf8+ Kd7 38. g6 1-0

[Event "Early-Titled-Tuesday-Blitz-April-23-2024"]
[Site "Chess.com"]
[Date "2024.04.23"]
[Round "2"]
[White "Eagle_2019"]
[Black "bescmelasti"]
[Result "1-0"]
[WhiteElo "2855"]
[BlackElo "2592"]
[TimeControl "180+1"]
[EndTime "8:17:55 PDT"]
[Termination "Eagle_2019 won on time"]

1. e4 c5 2. Nf3 e6 3. c3 d5 4. exd5 Qxd5 5. d4 Nf6 6. Be3 cxd4 7. Nxd4 Nc6 8. Nd2 Be7 9. N2f3 O-O 10. Be2 Nxd4 11. Bxd4 b6 12. Ne5 Bb7 13. Bf3 Ne4 14. O-O Rad8 15. Re1 f5 16. Bxe4 fxe4 17. Ng4 Qg5 18.
Qe2 h5 19. Ne5 Rf5 20. Nc4 e5 21. Be3 Qg6 22. Rad1 Rd3 23. Bc1 Rff3 24. Ne3 Ba6 25. Kh1 Rxd1 26. Qxd1 Rxf2 27. Qd5+ Kh7 28. Qxe5 Bf6 29.
Qd5 Bd3 30. Rg1 Bg5 31. Nd1 Rc2 32. Bxg5 1-0